General information
- name: BNet
- type: Ladder team game (AT/RT)
- host: Battle.net
- saver: SecretAgentMan
map: FullScaleAssault
- players: 8
- length: 38:55
- speed: Fast
- version: 1.27 W3XP
- replay type: Public
» download(261 KB)
Players
team 1 (winner)

»
soufusa (
red | 31 APM | 553 actions | 17:45)
4 Dreadlord
2 Carrion Swarm
2 Vampiric Aura
» actions
| Assign group hotkey | 4 | |
| Build / train | 50 | |
| Enter build submenu | 14 | |
| Enter hero's abilities submenu | 4 | |
| Remove unit from queue | 2 | |
| Right click | 220 | |
| Select / deselect | 213 | |
| Select group hotkey | 21 | |
| Use ability | 25 | |
553 total
» units
| Acolyte | 12 | |
| Ghoul | 3 | |
| Gargoyle | 19 | |
| Goblin Zeppelin | 1 | |
35 total
» upgrades
| Creature Carapace | 3 | |
| Creature Attack | 2 | |
| Stone Form | 1 | |
6 total
» buildings
| Graveyard | 1 | |
| Crypt | 3 | |
| Ziggurat | 8 | |
| Halls of the Dead | 1 | |
| Altar of Darkness | 1 | |
| Necropolis | 1 | |
| Black Citadel | 1 | |
16 total
» build order
00:17 Graveyard
00:26 Crypt
00:40 Ziggurat
02:10 Halls of the Dead
02:32 Altar of Darkness
02:50 Ziggurat
02:55 Ziggurat
03:22 Ziggurat
03:25 Ziggurat
03:48 Crypt
04:11 Crypt
09:57 Necropolis
11:29 Black Citadel
12:24 Ziggurat
12:25 Ziggurat
12:29 Ziggurat
TheCoffinRoad (
orange | 93 APM | 3617 actions | 38:52)
7 Death Knight
3 Death Coil
3 Unholy Aura
1 Animate Dead
6 Crypt Lord
3 Carrion Beetles
2 Impale
1 Locust Swarm
» actions
| Assign group hotkey | 50 | |
| Basic commands | 149 | |
| Build / train | 194 | |
| ESC pressed | 5 | |
| Enter build submenu | 72 | |
| Enter hero's abilities submenu | 15 | |
| Give item / drop item | 5 | |
| Right click | 1341 | |
| Select / deselect | 545 | |
| Select group hotkey | 1002 | |
| Use ability | 236 | |
3617 total
» units
| Acolyte | 15 | |
| Ghoul | 2 | |
| Crypt Fiend | 11 | |
| Goblin Shredder | 5 | |
| Goblin Zeppelin | 16 | |
| Obsidian Statue | 5 | |
| Blue Dragon | 4 | |
| Abomination | 2 | |
60 total
» upgrades
| Creature Attack | 3 | |
| Creature Carapace | 3 | |
| Burrow | 1 | |
| Web | 1 | |
| Destroyer Form | 1 | |
| Nature's Blessing | 1 | |
| Well Spring | 1 | |
| Unholy Armor | 2 | |
| Disease Cloud | 1 | |
14 total
» buildings
| Graveyard | 1 | |
| Crypt | 4 | |
| Altar of Darkness | 1 | |
| Ziggurat | 34 | |
| Tomb of Relics | 2 | |
| Necropolis | 3 | |
| Halls of the Dead | 2 | |
| Nerubian Tower | 20 | |
| Black Citadel | 4 | |
| Slaughterhouse | 4 | |
| Spirit Tower | 56 | |
| Sacrificial Pit | 1 | |
| Boneyard | 3 | |
| Ancient Protector | 13 | |
148 total
» build order
00:07 Graveyard
00:12 Crypt
00:41 Altar of Darkness
00:56 Ziggurat
01:36 Tomb of Relics
02:02 Ziggurat
04:14 Necropolis
05:25 Ziggurat
05:43 Halls of the Dead
05:43 Halls of the Dead
06:09 Nerubian Tower
06:52 Nerubian Tower
08:09 Black Citadel
08:09 Black Citadel
08:10 Black Citadel
08:29 Slaughterhouse
08:34 Ziggurat
08:36 Ziggurat
08:38 Ziggurat
08:55 Ziggurat
09:25 Spirit Tower
09:25 Spirit Tower
09:25 Spirit Tower
09:27 Spirit Tower
09:28 Spirit Tower
10:13 Spirit Tower
10:15 Spirit Tower
10:15 Spirit Tower
10:15 Spirit Tower
10:23 Slaughterhouse
10:28 Slaughterhouse
10:33 Slaughterhouse
10:35 Crypt
12:00 Necropolis
13:14 Sacrificial Pit
14:50 Boneyard
14:55 Boneyard
14:58 Boneyard
15:10 Crypt
15:14 Crypt
15:15 Ziggurat
15:22 Ziggurat
15:33 Ziggurat
15:53 Ziggurat
15:55 Ziggurat
15:56 Ziggurat
15:57 Ziggurat
15:58 Ziggurat
16:33 Ziggurat
16:38 Ziggurat
18:09 Spirit Tower
18:10 Spirit Tower
18:10 Spirit Tower
18:35 Tomb of Relics
19:01 Ziggurat
19:03 Ziggurat
19:05 Ziggurat
19:06 Spirit Tower
19:07 Spirit Tower
19:12 Spirit Tower
19:12 Spirit Tower
19:13 Spirit Tower
19:41 Ziggurat
19:46 Ancient Protector
19:47 Ancient Protector
19:48 Ancient Protector
19:49 Ancient Protector
19:51 Ancient Protector
19:56 Ancient Protector
20:00 Ancient Protector
20:03 Ancient Protector
20:04 Ancient Protector
20:05 Ancient Protector
20:06 Ancient Protector
20:09 Ancient Protector
20:11 Ancient Protector
20:15 Spirit Tower
20:15 Spirit Tower
20:15 Spirit Tower
20:22 Nerubian Tower
20:22 Nerubian Tower
20:22 Nerubian Tower
20:22 Nerubian Tower
20:23 Nerubian Tower
21:03 Nerubian Tower
21:03 Spirit Tower
21:06 Nerubian Tower
21:06 Spirit Tower
21:50 Spirit Tower
21:51 Spirit Tower
21:51 Spirit Tower
21:52 Ziggurat
21:53 Ziggurat
21:54 Ziggurat
21:55 Ziggurat
22:06 Ziggurat
22:07 Ziggurat
22:16 Ziggurat
22:19 Ziggurat
22:22 Ziggurat
23:49 Nerubian Tower
23:49 Nerubian Tower
23:49 Spirit Tower
23:50 Spirit Tower
23:50 Spirit Tower
23:50 Spirit Tower
23:50 Spirit Tower
23:51 Spirit Tower
23:55 Spirit Tower
23:55 Spirit Tower
23:56 Spirit Tower
23:58 Nerubian Tower
23:58 Nerubian Tower
23:58 Nerubian Tower
24:02 Spirit Tower
24:02 Spirit Tower
24:07 Nerubian Tower
24:07 Spirit Tower
24:07 Spirit Tower
30:27 Necropolis
31:17 Ziggurat
31:18 Ziggurat
31:19 Ziggurat
31:21 Ziggurat
32:13 Spirit Tower
32:13 Spirit Tower
32:14 Spirit Tower
32:15 Spirit Tower
32:15 Spirit Tower
32:17 Spirit Tower
» items
| Rod of Necromancy | 2 | |
| Sacrificial Skull | 1 | |
| Boots of Speed | 1 | |
| Periapt of Vitality | 1 | |
| Scroll of Town Portal | 4 | |
| Orb of Corruption | 1 | |
10 total

»
Janoh (
yellow | 57 APM | 2203 actions | 38:52)
6 Crypt Lord
3 Spiked Carapace
2 Impale
1 Locust Swarm
» actions
| Assign group hotkey | 39 | |
| Basic commands | 40 | |
| Build / train | 125 | |
| ESC pressed | 14 | |
| Enter build submenu | 49 | |
| Enter hero's abilities submenu | 9 | |
| Right click | 751 | |
| Select / deselect | 579 | |
| Select group hotkey | 506 | |
| Use ability | 91 | |
2203 total
» units
| Acolyte | 13 | |
| Ghoul | 11 | |
| Crypt Fiend | 10 | |
| Frost Wyrm | 11 | |
| Wisp | 31 | |
| Dryad | 8 | |
| Gargoyle | 4 | |
| Archer | 10 | |
98 total
» upgrades
| Creature Attack | 3 | |
| Web | 1 | |
| Creature Carapace | 2 | |
| Freezing Breath | 1 | |
7 total
» buildings
| Crypt | 1 | |
| Ziggurat | 12 | |
| Altar of Darkness | 1 | |
| Graveyard | 1 | |
| Nerubian Tower | 2 | |
| Halls of the Dead | 1 | |
| Sacrificial Pit | 1 | |
| Black Citadel | 1 | |
| Tomb of Relics | 1 | |
| Spirit Tower | 3 | |
| Boneyard | 3 | |
| Moon Well | 5 | |
| Ancient of War | 2 | |
| Tree of Life | 1 | |
| Hunter's Hall | 1 | |
| Tree of Ages | 1 | |
37 total
» build order
00:12 Crypt
00:13 Ziggurat
00:36 Altar of Darkness
01:00 Ziggurat
02:00 Ziggurat
02:11 Graveyard
02:32 Nerubian Tower
03:27 Halls of the Dead
06:14 Sacrificial Pit
06:45 Ziggurat
08:04 Ziggurat
08:05 Ziggurat
08:06 Ziggurat
08:12 Black Citadel
08:36 Tomb of Relics
09:02 Spirit Tower
09:04 Spirit Tower
09:05 Spirit Tower
09:07 Nerubian Tower
10:46 Boneyard
10:48 Boneyard
11:19 Boneyard
11:26 Ziggurat
11:28 Ziggurat
19:01 Ziggurat
19:01 Ziggurat
19:02 Ziggurat
26:25 Moon Well
26:46 Moon Well
34:15 Ancient of War
34:20 Moon Well
34:23 Ancient of War
35:24 Tree of Life
36:04 Hunter's Hall
36:39 Moon Well
37:32 Moon Well
38:13 Tree of Ages
» items
| Scroll of Town Portal | 3 | |
| Orb of Corruption | 2 | |
5 total

»
COMBAT_VET (
pink | 32 APM | 574 actions | 17:49)
4 Warden
2 Fan of Knives
2 Blink
1 Goblin Alchemist
1 Healing Spray
» actions
| Assign group hotkey | 15 | |
| Basic commands | 4 | |
| Build / train | 65 | |
| Enter build submenu | 14 | |
| Enter hero's abilities submenu | 5 | |
| Right click | 162 | |
| Select / deselect | 192 | |
| Select group hotkey | 75 | |
| Use ability | 42 | |
574 total
» units
| Wisp | 22 | |
| Archer | 1 | |
| Huntress | 14 | |
| Dryad | 3 | |
40 total
» upgrades
| Ultravision | 1 | |
| Strength of the Moon | 3 | |
| Moon Armor | 2 | |
| Upgrade Moon Glaive | 1 | |
| Sentinel | 1 | |
| Abolish Magic | 1 | |
| Strength of the Wild | 1 | |
| Reinforced Hides | 1 | |
11 total
» buildings
| Altar of Elders | 1 | |
| Moon Well | 5 | |
| Ancient of War | 2 | |
| Hunter's Hall | 1 | |
| Ancient of Wonders | 1 | |
| Ancient Protector | 1 | |
| Tree of Ages | 1 | |
| Tree of Eternity | 1 | |
| Tree of Life | 1 | |
| Ancient of Lore | 2 | |
16 total
» build order
00:13 Altar of Elders
00:31 Moon Well
01:01 Moon Well
01:27 Ancient of War
02:12 Hunter's Hall
03:01 Ancient of Wonders
03:21 Ancient Protector
05:40 Moon Well
06:00 Tree of Ages
08:17 Moon Well
08:18 Moon Well
08:24 Tree of Eternity
08:57 Tree of Life
10:25 Ancient of War
14:47 Ancient of Lore
14:50 Ancient of Lore
» items
| Scroll of Town Portal | 1 | |
| Potion of Healing | 1 | |
| Scroll of Protection | 1 | |
| Potion of Lesser Invulnerability | 1 | |
| Scroll of Healing | 1 | |
5 total
team 2 (loser)

»
iCRASHED (
teal | 68 APM | 2398 actions | 35:01)
6 Death Knight
3 Death Coil
2 Unholy Aura
1 Animate Dead
» actions
| Assign group hotkey | 48 | |
| Basic commands | 137 | |
| Build / train | 67 | |
| ESC pressed | 6 | |
| Enter build submenu | 27 | |
| Enter hero's abilities submenu | 6 | |
| Give item / drop item | 3 | |
| Right click | 1368 | |
| Select / deselect | 272 | |
| Select group hotkey | 380 | |
| Use ability | 84 | |
2398 total
» units
| Acolyte | 12 | |
| Ghoul | 3 | |
| Frost Wyrm | 15 | |
| Goblin Zeppelin | 1 | |
31 total
» upgrades
| Creature Attack | 2 | |
| Creature Carapace | 2 | |
| Freezing Breath | 1 | |
5 total
» buildings
| Ziggurat | 8 | |
| Graveyard | 2 | |
| Crypt | 1 | |
| Altar of Darkness | 1 | |
| Tomb of Relics | 1 | |
| Nerubian Tower | 2 | |
| Spirit Tower | 1 | |
| Halls of the Dead | 3 | |
| Black Citadel | 5 | |
| Sacrificial Pit | 1 | |
| Boneyard | 3 | |
| Necropolis | 1 | |
29 total
» build order
00:09 Ziggurat
01:04 Graveyard
01:09 Graveyard
01:15 Crypt
01:19 Altar of Darkness
01:25 Ziggurat
01:30 Tomb of Relics
01:44 Nerubian Tower
02:30 Nerubian Tower
02:37 Spirit Tower
02:50 Ziggurat
03:45 Halls of the Dead
03:45 Halls of the Dead
04:37 Ziggurat
06:06 Black Citadel
06:06 Black Citadel
06:06 Black Citadel
06:14 Sacrificial Pit
06:59 Ziggurat
08:28 Boneyard
08:30 Boneyard
08:35 Boneyard
09:45 Ziggurat
18:45 Necropolis
20:46 Ziggurat
20:48 Ziggurat
» items
| Rod of Necromancy | 1 | |
| Dust of Appearance | 1 | |
| Scroll of Town Portal | 2 | |
| Potion of Lesser Invulnerability | 1 | |
5 total
SecretAgentMan (
blue | 53 APM | 2074 actions | 38:55)
6 Archmage
3 Summon Water Elemental
2 Brilliance Aura
1 Mass Teleport
» actions
| Assign group hotkey | 39 | |
| Basic commands | 282 | |
| Build / train | 80 | |
| Enter build submenu | 64 | |
| Enter hero's abilities submenu | 6 | |
| Give item / drop item | 6 | |
| Right click | 703 | |
| Select / deselect | 438 | |
| Select group hotkey | 297 | |
| Use ability | 159 | |
2074 total
» units
| Peasant | 14 | |
| Footman | 5 | |
| Goblin Shredder | 1 | |
| Gryphon Rider | 11 | |
| Goblin Zeppelin | 2 | |
| Goblin Sapper | 2 | |
35 total
» upgrades
| Masonry | 3 | |
| Storm Hammers | 1 | |
| Swords | 3 | |
| Armor | 3 | |
| Animal War Training | 1 | |
| Cloud | 1 | |
12 total
» buildings
| Altar of Kings | 1 | |
| Barracks | 1 | |
| Farm | 15 | |
| Arcane Vault | 2 | |
| Keep | 1 | |
| Scout Tower | 73 | |
| Town Hall | 2 | |
| Arcane Tower | 1 | |
| Lumber Mill | 1 | |
| Guard Tower | 15 | |
| Castle | 1 | |
| Gryphon Aviary | 6 | |
| Blacksmith | 2 | |
121 total
» build order
00:37 Altar of Kings
00:38 Barracks
00:50 Farm
00:51 Farm
01:06 Farm
01:35 Farm
03:07 Arcane Vault
03:28 Keep
03:59 Scout Tower
04:19 Town Hall
04:21 Scout Tower
04:21 Scout Tower
04:22 Scout Tower
04:23 Scout Tower
04:27 Arcane Tower
05:38 Lumber Mill
07:03 Guard Tower
07:42 Castle
08:31 Gryphon Aviary
08:38 Gryphon Aviary
08:43 Blacksmith
08:45 Gryphon Aviary
08:50 Blacksmith
08:52 Farm
09:20 Scout Tower
09:21 Scout Tower
09:22 Scout Tower
09:22 Scout Tower
09:24 Scout Tower
09:25 Scout Tower
09:27 Scout Tower
09:27 Scout Tower
09:28 Scout Tower
09:29 Scout Tower
09:29 Scout Tower
09:34 Scout Tower
09:35 Scout Tower
09:35 Scout Tower
10:36 Guard Tower
11:30 Scout Tower
11:30 Scout Tower
11:31 Scout Tower
12:54 Guard Tower
13:00 Guard Tower
14:39 Guard Tower
15:15 Scout Tower
15:17 Scout Tower
15:19 Scout Tower
15:21 Scout Tower
15:24 Scout Tower
16:39 Guard Tower
18:16 Scout Tower
18:16 Scout Tower
18:16 Scout Tower
18:17 Scout Tower
18:17 Scout Tower
18:18 Scout Tower
18:19 Scout Tower
18:19 Scout Tower
18:20 Scout Tower
18:20 Scout Tower
18:20 Scout Tower
18:20 Scout Tower
19:20 Guard Tower
20:08 Guard Tower
20:57 Town Hall
21:02 Arcane Vault
21:06 Scout Tower
21:06 Scout Tower
21:07 Scout Tower
21:07 Scout Tower
21:08 Scout Tower
21:09 Scout Tower
21:09 Scout Tower
21:10 Scout Tower
21:10 Scout Tower
21:12 Scout Tower
21:12 Scout Tower
21:13 Scout Tower
21:15 Scout Tower
21:16 Scout Tower
22:09 Scout Tower
22:09 Scout Tower
22:10 Scout Tower
22:10 Scout Tower
22:11 Scout Tower
22:12 Scout Tower
22:14 Scout Tower
22:15 Scout Tower
22:16 Scout Tower
22:17 Scout Tower
22:18 Scout Tower
22:18 Scout Tower
22:19 Scout Tower
22:19 Scout Tower
22:20 Scout Tower
22:32 Guard Tower
22:50 Farm
22:51 Farm
22:51 Farm
22:51 Farm
22:52 Farm
22:53 Farm
22:54 Farm
22:54 Farm
22:54 Farm
22:55 Farm
23:24 Guard Tower
23:50 Guard Tower
24:00 Guard Tower
25:23 Guard Tower
28:13 Guard Tower
» items
| Scroll of Regeneration | 2 | |
| Mechanical Critter | 2 | |
| Scroll of Town Portal | 1 | |
| Staff of Teleportation | 1 | |
| Potion of Lesser Invulnerability | 1 | |
| Potion of Invisibility | 1 | |
8 total
Deathtome (
green | 36 APM | 1288 actions | 35:53)
6 Blood Mage
3 Flame Strike
2 Siphon Mana
1 Summon Phoenix
5 Dark Ranger
2 Black Arrow
3 Life Drain
2 Firelord
1 Summon Lava Spawn
1 Incinerate
» actions
| Assign group hotkey | 25 | |
| Basic commands | 93 | |
| Build / train | 130 | |
| Enter build submenu | 29 | |
| Enter hero's abilities submenu | 14 | |
| Give item / drop item | 4 | |
| Remove unit from queue | 8 | |
| Right click | 415 | |
| Select / deselect | 307 | |
| Select group hotkey | 200 | |
| Use ability | 63 | |
1288 total
» units
| Peasant | 18 | |
| Footman | 9 | |
| Knight | 6 | |
| Rifleman | 8 | |
| Flying Machine | 13 | |
54 total
» upgrades
| Swords | 3 | |
| Lumber Harvesting | 2 | |
| Plating | 3 | |
| Animal War Training | 1 | |
| Long Rifles | 1 | |
| Gunpowder | 3 | |
| Masonry | 2 | |
| Armor | 1 | |
| Flare | 0 | |
| Flying Machine Bombs | 1 | |
| Flak Cannons | 1 | |
18 total
» buildings
| Altar of Kings | 1 | |
| Farm | 11 | |
| Barracks | 2 | |
| Scout Tower | 3 | |
| Lumber Mill | 2 | |
| Keep | 14 | |
| Blacksmith | 2 | |
| Town Hall | 2 | |
| Castle | 1 | |
| Guard Tower | 3 | |
| Workshop | 2 | |
43 total
» build order
00:08 Altar of Kings
00:10 Farm
01:22 Farm
01:33 Barracks
02:10 Barracks
02:30 Scout Tower
02:36 Farm
03:10 Lumber Mill
03:31 Farm
03:37 Farm
04:50 Keep
04:51 Keep
04:52 Keep
06:15 Blacksmith
07:42 Town Hall
08:44 Castle
08:48 Blacksmith
11:14 Scout Tower
11:16 Guard Tower
11:48 Scout Tower
11:51 Guard Tower
13:17 Farm
13:20 Farm
13:21 Farm
13:23 Guard Tower
15:22 Farm
15:23 Farm
15:24 Farm
20:36 Workshop
24:51 Lumber Mill
26:36 Town Hall
28:49 Workshop
» items
| Scroll of Town Portal | 6 | |
| Periapt of Vitality | 2 | |
| Circlet of Nobility | 6 | |
| Scroll of Healing | 2 | |
16 total
tri86 (
purple | 70 APM | 2718 actions | 38:52)
6 Dark Ranger
3 Black Arrow
2 Life Drain
1 Charm
5 Priestess of the Moon
2 Searing Arrows
3 Trueshot Aura
2 Naga Sea Witch
1 Frost Arrows
1 Mana Shield
» actions
| Assign group hotkey | 55 | |
| Basic commands | 423 | |
| Build / train | 110 | |
| Enter build submenu | 27 | |
| Enter hero's abilities submenu | 13 | |
| Give item / drop item | 2 | |
| Right click | 666 | |
| Select / deselect | 431 | |
| Select group hotkey | 939 | |
| Use ability | 52 | |
2718 total
» units
| Wisp | 43 | |
| Archer | 19 | |
| Druid of the Talon | 8 | |
| Blue Drake | 1 | |
| Mur'gul Snarecaster | 1 | |
| Giant Sea Turtle | 1 | |
73 total
» upgrades
| Strength of the Moon | 3 | |
| Moon Armor | 3 | |
| Druid of the Talon Training | 2 | |
| Marksmanship | 1 | |
| Improved Bows | 1 | |
| Well Spring | 1 | |
| Ultravision | 1 | |
| Nature's Blessing | 1 | |
13 total
» buildings
| Altar of Elders | 1 | |
| Moon Well | 6 | |
| Ancient of War | 3 | |
| Hunter's Hall | 1 | |
| Tree of Ages | 1 | |
| Tree of Eternity | 1 | |
| Ancient of Wonders | 1 | |
| Ancient of Wind | 3 | |
| Tree of Life | 5 | |
| Ancient Protector | 5 | |
27 total
» build order
00:11 Altar of Elders
00:17 Moon Well
02:02 Ancient of War
02:06 Ancient of War
02:11 Hunter's Hall
02:22 Moon Well
02:46 Moon Well
02:52 Moon Well
06:20 Tree of Ages
08:41 Tree of Eternity
08:48 Ancient of Wonders
08:54 Ancient of Wind
08:58 Ancient of Wind
18:26 Tree of Life
18:31 Tree of Life
22:17 Moon Well
22:21 Moon Well
24:59 Ancient of War
25:05 Ancient of Wind
28:38 Tree of Life
28:51 Tree of Life
34:16 Tree of Life
37:53 Ancient Protector
37:55 Ancient Protector
37:57 Ancient Protector
37:59 Ancient Protector
38:02 Ancient Protector
» items
| Scroll of Town Portal | 5 | |
| Orb of Venom | 1 | |
6 total
Chat log
(00:08 / All) SecretAgentMan: ALL THE STARS WILL TELL TEH STORY
(00:12 / All) SecretAgentMan: OF OUR LOVE IN ALL ITS GLORY
(00:16 / All) SecretAgentMan: LETS US TAKE THIS NIGHT OF MAGIC
(00:22 / All) SecretAgentMan: AND MAKE IT A NIGHT OF LOVE!!!
(00:24 / All) Janoh: youre majestic
(00:29 / All) SecretAgentMan: WONT YOU PLEASE SURRENDER TO ME
(00:33 / All) SecretAgentMan: YOUR LIPS YOUR ARMS blah blah
(00:47 / All) iCRASHED: woman are sluts
(00:49 / All) iCRASHED: that is all
(01:02 / All) SecretAgentMan: even the mommies and grannies
(01:12 / Allies) iCRASHED: y
(04:03 / All) iCRASHED: thx
(04:37 / All) COMBAT_VET: uh i was trying to surrender
(04:40 / All) iCRASHED: true
(04:41 / All) COMBAT_VET: and drop bue
(04:43 / All) iCRASHED: u won't get a single unit
(04:47 / All) SecretAgentMan: lost a footman
(05:16 / All) iCRASHED: where art thou?
(05:44 / Allies) SecretAgentMan: and didn't construct what I thought I did
(05:53 / All) iCRASHED: gj yellow
(05:54 / All) Janoh: itry
(06:27 / Allies) iCRASHED: blue
(06:28 / Allies) iCRASHED: ..
(07:23 / Allies) tri86: take
(08:11 / Allies) Deathtome: take this
(08:15 / Allies) Deathtome: for your hero
(08:31 / Allies) iCRASHED: zzzzzzzzzzzzzzzzzzzzzzzzzz
(09:17 / Allies) iCRASHED: gold plz blue?
(09:21 / Allies) iCRASHED: lmao
(09:22 / Allies) iCRASHED: nvm
(09:27 / Allies) iCRASHED: 5x
(09:30 / Allies) iCRASHED: 3x
(10:45 / Allies) SecretAgentMan: wtf
(11:59 / Allies) iCRASHED: 1
(12:01 / Allies) iCRASHED: 2
(13:05 / All) COMBAT_VET: gg we lost
(13:10 / All) TheCoffinRoad: ouch
(13:23 / All) iCRASHED: hey noob
(13:27 / All) iCRASHED: we meet again
(13:37 / All) TheCoffinRoad: talking to yourself?
(13:47 / All) COMBAT_VET: thats funny
(13:49 / Allies) iCRASHED: tp
(13:54 / Allies) SecretAgentMan: someone tp
(14:26 / All) COMBAT_VET: haha
(14:40 / All) COMBAT_VET: but please drop this fucker
(14:43 / Allies) iCRASHED: gold plz
(14:46 / All) TheCoffinRoad: LOL
(14:52 / All) soufusa: D
(14:53 / All) COMBAT_VET: D
(14:53 / All) SecretAgentMan: my net was "upgraded" too lawol
(14:54 / All) soufusa: D
(15:37 / Allies) SecretAgentMan: fight em in my toewrs
(16:04 / Allies) iCRASHED: gold
(16:06 / Allies) iCRASHED: plz
(16:14 / Allies) iCRASHED: wow
(16:15 / Allies) iCRASHED: TP OUIT
(16:56 / Allies) SecretAgentMan: tp lol
(16:57 / All) COMBAT_VET: u suck lol
(16:57 / All) iCRASHED: ..
(17:03 / All) TheCoffinRoad: want me to build up to 100 food and destroy your entire base teal?
(17:48 / All) iCRASHED: ez
(17:49 / All) SecretAgentMan: good garg work
(17:51 / All) TheCoffinRoad: Teal massing wyrms and calling others trash LOL
(17:54 / All) TheCoffinRoad: hard strat you got there
(17:57 / All) Deathtome: gg
(17:58 / All) Janoh: =x
(17:59 / All) iCRASHED: gg
(18:00 / All) iCRASHED: bad
(18:02 / All) TheCoffinRoad: You lose teal
(18:08 / All) iCRASHED: yellow only good player on ur side
(19:02 / Allies) iCRASHED: we need blue to have untis
(19:05 / All) Janoh: This is painful
(19:08 / All) iCRASHED:
(19:24 / Allies) iCRASHED: blue
(19:26 / Allies) iCRASHED: GOLD PLZ
(21:11 / All) iCRASHED: we did same thing yellow
(21:12 / All) iCRASHED: -.-
(21:23 / All) Janoh: well red's first claim was... "mass gargs"
(21:28 / All) Janoh: so I thought.. fuck it, may as well
(21:33 / All) iCRASHED: yep
(21:47 / All) TheCoffinRoad: out
(22:31 / All) iCRASHED: D
(22:32 / Allies) Deathtome: help
(22:32 / All) iCRASHED: D
(22:32 / All) iCRASHED: D
(22:33 / All) iCRASHED: D
(23:11 / Allies) iCRASHED: b
(23:16 / Allies) iCRASHED: tp to green ffs
(23:22 / Allies) iCRASHED: getting wrekt
(23:29 / Allies) SecretAgentMan: lumber
(23:35 / Allies) iCRASHED: i have no tp
(23:41 / Allies) iCRASHED: gold
(23:42 / Allies) iCRASHED: and ill umb u
(23:44 / Allies) iCRASHED: fucking 6k
(24:36 / All) TheCoffinRoad: thinks he's hot shit
(24:38 / All) iCRASHED: LOL raped
(24:41 / All) TheCoffinRoad: Nah
(24:44 / All) iCRASHED: y
(24:48 / All) TheCoffinRoad: nope
(24:48 / All) TheCoffinRoad: Loss for you, you get raped
(24:49 / All) TheCoffinRoad: Leave now and save yourself the pain
(24:55 / All) TheCoffinRoad: raped
(25:01 / All) iCRASHED: >?
(25:23 / Allies) iCRASHED: gold me blue
(25:26 / Allies) iCRASHED: or im gonna start killing u
(25:38 / Allies) SecretAgentMan: klumber me
(25:50 / Allies) iCRASHED: gold first
(25:53 / Allies) SecretAgentMan: lumber first
(25:58 / Allies) iCRASHED: u wish
(26:01 / Allies) iCRASHED: horder
(26:09 / Allies) SecretAgentMan: lubmer horder
(26:14 / Allies) SecretAgentMan: back at you, 2k lumber
(26:35 / Allies) iCRASHED: LOL
(26:37 / Allies) SecretAgentMan: teal is tking me
(27:11 / Allies) iCRASHED: fuck off
(27:18 / All) TheCoffinRoad: lol
(27:18 / Allies) SecretAgentMan: lol
(27:20 / All) TheCoffinRoad: little late on that tp
(27:21 / Allies) iCRASHED: meh
(27:25 / All) iCRASHED: me and blue are dueling
(27:27 / All) iCRASHED: do u mind?
(27:38 / All) TheCoffinRoad: there's no duel, that implies two fighting participants
(27:41 / All) TheCoffinRoad: but all you do is lie back and take it
(27:46 / All) iCRASHED: we are tking LOL
(28:13 / Allies) iCRASHED: send
(28:29 / All) Janoh: leave my trio alone
(28:37 / Allies) iCRASHED: LOL
(28:38 / Allies) SecretAgentMan: lol
(28:48 / Allies) iCRASHED: nice
(28:58 / Allies) Deathtome: can we end this?
(29:03 / Allies) iCRASHED: yep
(29:04 / Allies) iCRASHED: and purp to mind his own business
(29:10 / Allies) iCRASHED: if u drop
(29:13 / Allies) iCRASHED: im losing it for us
(29:44 / Allies) iCRASHED: ty
(29:48 / Allies) iCRASHED: green
(31:15 / Allies) SecretAgentMan: lol
(31:22 / All) TheCoffinRoad: so teal
(31:24 / All) TheCoffinRoad: who won your duel?
(31:29 / All) iCRASHED: blue from towers
(31:30 / All) SecretAgentMan: lol
(31:31 / All) TheCoffinRoad: lol
(31:34 / All) SecretAgentMan: you run from towers
(31:41 / All) iCRASHED: they are weak as fuck now
(31:43 / All) iCRASHED: so go win
(31:52 / All) iCRASHED: legit u guys have this np now
(31:55 / All) SecretAgentMan: Called me a hoarder, he's a lumber hoarder
(32:01 / All) iCRASHED: he has 10k gold
(32:02 / All) SecretAgentMan: lumber hoarding is 10x worse than gold hoarding
(32:02 / All) iCRASHED: blue
(32:31 / All) TheCoffinRoad: that's hilarious you talk shit then get raped by your ally and start begging me to push in the rest of your team like he didyou
(32:40 / All) iCRASHED: clearly u guys arent playing to win
(32:47 / All) iCRASHED: bc u could and ur nowhere near enough expanded
(32:53 / All) iCRASHED: D
(32:53 / All) iCRASHED: DD
(32:54 / All) iCRASHED: D
(34:55 / All) iCRASHED: gg blue cost u this game
(34:56 / All) iCRASHED: hording 10k
(34:59 / All) TheCoffinRoad: gg
(35:02 / Allies) SecretAgentMan: you did lol
(35:11 / All) Deathtome: YA MY TEAM ISNT EVEN FUCKING TRYING
(35:17 / All) TheCoffinRoad: :LOL
(35:21 / Allies) Deathtome: fucking morons
(35:25 / Allies) Deathtome: just wasting my time
(35:36 / All) SecretAgentMan: whisper teal
(35:43 / All) SecretAgentMan: and asked if he raped why are his hero and all his wyrms dead
(35:45 / All) Deathtome: hahahahaha ya go fucking kill your self ass hole in not fucking funnny
(35:47 / All) SecretAgentMan: he squelched me lol
(35:48 / All) TheCoffinRoad: he's unavailable
(35:51 / All) TheCoffinRoad: (slapped.)
(35:53 / All) TheCoffinRoad: he's pissed
(35:57 / All) SecretAgentMan: lol
(36:05 / All) SecretAgentMan: I said "raped pussy lol" or something like that
(36:09 / All) SecretAgentMan: and he goes "I RAPED YOU MORON:
(36:10 / All) SecretAgentMan: lol
(36:23 / All) TheCoffinRoad: he just went solo dk and massed wyrms and thought he was great
(36:30 / All) TheCoffinRoad: never seen that before
(38:24 / All) SecretAgentMan: he asked for gold after trying to tk me lol
(38:30 / All) TheCoffinRoad: LOL